 Dungeon Crawl Stone Soup version 0.27-a0-535-g7eaf864cf9 (webtiles) character file.

Game seed: 14808940815677605435

30 Leibowitz the Sneak (level 3, 0/24 HPs)
             Began as a Kobold Delver on Mar 6, 2021.
             Slain by a centaur (2 damage)
             ... on level 5 of the Dungeon.
             The game lasted 00:00:57 (192 turns).

Leibowitz the Sneak (Kobold Delver)                  Turns: 192, Time: 00:00:57

Health: 0/24       AC:  4    Str:  9    XL:     3   Next: 35%
Magic:  3/3        EV: 14    Int: 11    God:
Gold:   0          SH:  0    Dex: 17    Spells: 2/2 levels left

rFire    . . .     SeeInvis .   a - +0 short sword
rCold    . . .     Faith    .   (shield restricted)
rNeg     . . .     Spirit   .   b - +0 leather armour
rPois    .         Reflect  .   (no helmet)
rElec    .         Harm     .   h - +0 cloak
rCorr    .         Rampage  .   (no gloves)
Will     .....                  (no boots)
Stlth    ++++......             (no amulet)
HPRegen  0.08/turn              (no ring)
MPRegen  0.08/turn              (no ring)

@: no status effects
A: small, nightstalker 3
a: no special abilities


You were on level 5 of the Dungeon.
You visited 1 branch of the dungeon, and saw 1 of its levels.

Inventory:

Hand Weapons
 a - a +0 short sword (weapon)
Armour
 b - a +0 leather armour (worn)
 h - a +0 cloak (worn)
Wands
 g - a wand of digging (3)
Scrolls
 c - a scroll of fog
 d - a scroll of magic mapping
 e - a scroll of fear
Potions
 f - a potion of haste
 i - a potion of attraction {unknown}


   Skills:
 + Level 3.7 Fighting
 + Level 3.1 Short Blades
 + Level 0.2 Armour
 + Level 2.5 Dodging
 + Level 7.2 Stealth


You had 2 spell levels left.
You didn't know any spells.
Your spell library was empty.

Dungeon Overview and Level Annotations

Branches:
Dungeon (5/15)
 Temple: D:4-7

Altars:


Innate Abilities, Weirdness & Mutations

You are small and have problems with some larger weapons.
You are completely attuned to the shadows.


Message History

The centaur skeleton hits you.
You hit the centaur skeleton.
The centaur skeleton is severely damaged.
The centaur skeleton barely misses you.
The centaur skeleton hits you but does no damage.
You completely miss the centaur skeleton.
The centaur skeleton is severely damaged.
The centaur skeleton hits you.
* * * LOW HITPOINT WARNING * * *
You hit the centaur skeleton.
The centaur skeleton is almost destroyed.
The centaur skeleton misses you.
You hit the centaur skeleton.
You destroy the centaur skeleton!
Your Short Blades skill increases to level 3!
Your Stealth skill increases to level 7!
You have reached level 2!
You have reached level 3!
Your experience leads to an increase in your attributes!
Increase (S)trength, (I)ntelligence, or (D)exterity?
You feel agile.
You see here a +0 cloak.
h - a +0 cloak You start putting on your armour.
You continue putting on your +0 cloak. x4
You finish putting on your +0 cloak.
i - a purple potion You start resting.
A centaur comes into view.
You closely miss the centaur.
The centaur shouts!
The centaur barely misses you. The centaur misses you.
You closely miss the centaur. The centaur misses you.
You barely miss the centaur. The centaur misses you.
The centaur closely misses you.
Your leather armour prevents you from hitting the centaur.
The centaur hits you.
You barely miss the centaur. The centaur hits you.
* * * LOW HITPOINT WARNING * * *
The centaur hits you.
You die...

.... ###.... .....#
. #...# .. ##.#.#
#.#.@#.#
#...c#.###.. ...
###........## ....
#.#........ ....
#.#<.....# ......
#.#......####......
#.#.(.....##.......
.........##....(..
..................


You could see a centaur.

Vanquished Creatures
  A centaur skeleton (D:5)
  An orc (D:5)
2 creatures vanquished.

Notes
Turn   | Place    | Note
-------+----------+-------------------------------------------
     0 | D:5      | Leibowitz the Kobold Delver began the quest for the Orb.
     0 | D:5      | Reached XP level 1. HP: 14/14 MP: 1/1
   160 | D:5      | Reached skill level 7 in Stealth
   160 | D:5      | Reached XP level 2. HP: 6/20 MP: 2/2
   160 | D:5      | Reached XP level 3. HP: 7/24 MP: 3/3
   186 | D:5      | Noticed a centaur
   192 | D:5      | Slain by a centaur

Illustrated notes

Levels and vault maps discovered:
D:5:      layout_rooms

Skill      XL: |  1 |
---------------+----+-----
Short Blades   | 3 |  3.1
Stealth        | 7 |  7.2
Fighting       | |  3.7
Armour         | |  0.2
Dodging        | |  2.5

Action                   || total
-------------------------++-------
Melee: Short sword       ||    25
Armor: Leather armour    ||     4
Dodge: Dodged            ||    17

Table legend: (Time is in decaauts)
 A = Elapsed time spent in this place.
 B = Non-inter-level travel time spent in this place.
 C = Inter-level travel time spent in this place.
 D = Time resting spent in this place.
 E = Time spent auto-exploring this place.
 F = Levels seen in this place.
 G = Mean time per level.
                   A        B        C        D        E       F      G
               +--------+--------+--------+--------+--------+-----+--------+
         Total |    191 |    191 |      0 |     79 |     15 |   1 |  191.0 |
       Dungeon |    191 |    191 |      0 |     79 |     15 |   1 |  191.0 |
               +--------+--------+--------+--------+--------+-----+--------+

Top non-repeatable levels by time:
     D:5: 191 daAuts
